 Dungeon Crawl Stone Soup version 0.22-a0-305-gd21a89c (webtiles) character file.

16 Amnesiac the Conjurer (level 2, -11/19 HPs)
             Began as a Mummy Conjurer on Mar 31, 2018.
             Killed from afar by Sigmund (16 damage)
             ... with a wand of flame (14)
             ... on level 2 of the Dungeon.
             The game lasted 00:00:58 (975 turns).

Amnesiac the Conjurer (Mummy Conjurer)               Turns: 975, Time: 00:00:58

Health: -11/19     AC:  3    Str: 11    XL:     2   Next: 41%
Magic:  6/6        EV: 12    Int: 14    God:
Gold:   118        SH:  0    Dex: 12    Spells: 5/8 levels left

rFire    x . .     SeeInvis .   c - +1 spear (pierce)
rCold    + . .     Gourm    .   (no shield)
rNeg     + + +     Faith    .   a - +0 robe
rPois    ∞         Spirit   .   (no helmet)
rElec    .         Reflect  .   (no cloak)
rCorr    .         Harm     .   (no gloves)
MR       .....                  f - +0 pair of boots
Stlth    ++........             (no amulet)
HPRegen  0.06/turn              (no ring)
MPRegen  0.10/turn              (no ring)

@: no status effects
A: no food or potions, fire vulnerability, cold resistance 1, negative energy
resistance 3, torment resistance, unbreathing
a: no special abilities


You were on level 2 of the Dungeon.
You were not hungry.

You visited 1 branch of the dungeon, and saw 2 of its levels.

You collected 118 gold pieces.

Inventory:

Hand Weapons
 c - a +1 spear of piercing (weapon)
Missiles
 g - a stone (quivered)
Armour
 a - a +0 robe (worn)
 f - a +0 pair of boots (worn)
Scrolls
 b - 3 scrolls of magic mapping {!r, unknown}
 d - a scroll of noise {!r, unknown}
 e - a scroll of identify {!r, unknown}


   Skills:
 - Level 1.5 Dodging
 - Level 1.5 Stealth
 + Level 3.5 Spellcasting
 * Level 3.5 Conjurations


You had 5 spell levels left.
You knew the following spells:

 Your Spells              Type           Power        Failure   Level  Hunger
a - Magic Dart            Conj           ##..         4%          1    N/A
b - Searing Ray           Conj           ##....       7%          2    N/A

Dungeon Overview and Level Annotations

Branches:
Dungeon (2/15)

Altars:
Okawaru

Annotations:
D:2 Sigmund


Innate Abilities, Weirdness & Mutations

You do not eat or drink.
Your flesh is vulnerable to fire.
You are immune to poison.
Your flesh is cold resistant. (rC+)
You are immune to negative energy. (rN+++)
You are immune to unholy pain and torment.
You can survive without breathing.


Message History

Done exploring.
Done exploring.
Done exploring.
Done exploring.
You enter the shallow water.
Moving in this stuff is going to be slow.
There is a stone staircase leading down here.
You climb downwards.
There is a stone staircase leading up here.
Key pressed, stopping explore.
No target in view!
No target in view!
Found a ration.
No target in view!
You see here a ration.
You now have 118 gold pieces (gained 12).
Found a stone staircase leading up.
No target in view!
You open the large door.
An ooze comes into view.
Found a pair of gloves and 7 gold pieces.
There is a large open door here.
An ooze is nearby!
Found a scroll labeled LOOLOWNI WUNI.
A frilled lizard comes into view.
There are monsters nearby!
Sigmund the Dreaded comes into view.
He is wielding a scythe of protection.
Found 12 bolts.
The frilled lizard hisses angrily.
There is a large open door here.
The frilled lizard hisses.
Attack whom?
Press: ? - help, Dir - move target cursor, f - frilled lizard
Aim: a frilled lizard You reach to attack!
You hit the frilled lizard.
You kill the frilled lizard!
No target in view!
No target in view!
A kobold comes into view. It is wielding a whip.
The ooze quivers.
Sigmund gestures at you while chanting.
You are confused.
The kobold shouts!
A worm comes into view.
Sigmund screams, "Don't try to resist!"
Sigmund mumbles some strange words.
Sigmund flickers and vanishes!
Deactivating autopickup; reactivate with Ctrl-A.
A worm comes into view.
You feel less confused. The ooze closely misses you.
You hear a zap.
A puff of flame appears from out of thin air!
The puff of flame hits you! The fire burns you terribly!
Ouch! That really hurt!
* * * LOW HITPOINT WARNING * * *
The ooze hits you.
* * * LOW HITPOINT WARNING * * *
There is a large open door here.
You hear a zap.
A puff of flame appears from out of thin air!
The puff of flame hits you! The fire burns you terribly!
Ouch! That really hurt!
You die...

##........##..#
####''#####..#
#..# #..#
#.#### #..#
#....###..#
##.K....%.#
#.J.####.#
##.## #.# #@#
#.#### #<#
#...<# ..#
####.# #### #.#
#.# #.# #.# #.#
#.#


You could see an ooze and a kobold.

Vanquished Creatures
  3 giant cockroaches (D:1)
  3 goblins (D:1)
  2 hobgoblins (D:1)
  2 bats (D:1)
  2 frilled lizards
  2 kobolds (D:1)
  A rat (D:1)
15 creatures vanquished.

Notes
Turn   | Place    | Note
-------+----------+-------------------------------------------
     0 | D:1      | Amnesiac the Mummy Conjurer began the quest for the Orb.
     0 | D:1      | Reached XP level 1. HP: 13/13 MP: 4/4
   244 | D:1      | Reached XP level 2. HP: 19/19 MP: 6/6
   248 | D:1      | Learned a level 2 spell: Searing Ray
   456 | D:1      | Found an iron altar of Okawaru.
   948 | D:2      | Noticed Sigmund
   975 | D:2      | Killed from afar by Sigmund

Vault maps used:
D:1:      saegor_arrival_under_anarchy, okawaru_ov_weapons_minmay
D:2:      kennysheep_big_flooded_room, uniq_sigmund

Skill      XL: |  1 |
---------------+----+-----
Spellcasting   | 3 |  3.5
Dodging        | |  1.5
Stealth        | |  1.5
Conjurations   | |  3.5

Action                   || total
-------------------------++-------
Melee: Unarmed           ||    16
       Spear             ||    24
 Cast: Magic Dart        ||     9
 Stab: Sleeping          ||     2
Armor: Robe              ||     7
Dodge: Dodged            ||    25

Table legend:
 A = Spawn XP
 B = Non-spawn XP
 C = Spawn XP percentage of total XP
 D = Spawn monster count
 E = Non-spawn monster count
 F = Spawn count percentage of total count
 G = Total turns spent on level
                    A         B        C        D         E        F      G
               +---------+---------+-------+---------+---------+-------+---------
         Total |       0 |      24 |   0.0 |       0 |      15 |   0.0 |   975
               +---------+---------+-------+---------+---------+-------+---------
           D:1 |       0 |      23 |   0.0 |       0 |      14 |   0.0 |   927
           D:2 |       0 |       1 |   0.0 |       0 |       1 |   0.0 |    48
               +---------+---------+-------+---------+---------+-------+---------
